 Dungeon Sprint DCSS version 0.15.2 (webtiles) character file.

1372 MordorOrchid the Covert (level 8, 0/44 HPs)
             Began as a Spriggan Assassin on June 6, 2021.
             Was a Priest of Trog.
             Killed by vampiric draining
             ... invoked by a vampire
              (10 damage)
             ... in the Dungeon (Sprint IX: "|||||||||||||||||||||||||||||").
             The game lasted 00:05:06 (301 turns).

MordorOrchid the Covert (Spriggan Assassin)          Turns: 301, Time: 00:05:06

HP   0/44        AC  5     Str  9      XL: 8   Next: 38%
MP  16/23        EV 27     Int 13      God: Trog [***...]
Gold 0           SH  0     Dex 20      Spells:  0 memorised,  7 levels left

rFire  . . .     SeeInvis +     y - +2 cutlass (drain)
rCold  . . .     Clarity  .     c - +0 robe
rNeg   . . .     rCorr    .     (shield restricted)
rPois  .         rRot     .     (helmet restricted)
rElec  .         Spirit   .     d - +0 cloak
SustAb .         Warding  .     (gloves unavailable)
rMut   .         NoTele   +     (boots unavailable)
Gourm  .                        (no amulet)
MR     +++..                    p - +2 ring of protection
                                o - +3 ring of dexterity

@: very slightly contaminated, regenerating, very quick, extremely resistant to
hostile enchantments, extremely stealthy
A: unfitting armour, see invisible, herbivore 3, speed 3, slow metabolism 2
a: Burn Spellbooks, Berserk, Trog's Hand, Renounce Religion


You were in the Dungeon.
You worshipped Trog.
Trog was most pleased with you.
You were not hungry.

You visited 1 branch

Inventory:

Hand weapons
 a - a +2 dagger
 b - a +0 blowgun
 y - a +2 cutlass of draining (weapon)
Missiles
 e - 7 poisoned needles
 f - 2 curare-tipped needles
Armour
 c - a +0 robe (worn)
 d - a +0 cloak (worn)
Magical devices
 n - a wand of cold (3)
Scrolls
 l - 3 scrolls of remove curse
 m - a scroll of blinking
Jewellery
 o - a +3 ring of dexterity (left hand)
 p - a +2 ring of protection (right hand)
Potions
 g - a potion of porridge
 h - 5 potions of curing
 i - 3 potions of heal wounds
 k - 4 potions of magic


   Skills:
 * Level 5.9 Fighting
 * Level 7.7 Short Blades
 * Level 8.0 Throwing
 * Level 3.9 Armour
 * Level 10.0 Dodging
 + Level 14.8 Stealth
 - Level 9.4 Evocations


You had 7 spell levels left.
You didn't know any spells.

Dungeon Overview and Level Annotations

Branches:
Dungeon (1/1)

Altars:
Cheibriados
Dithmenos
Elyvilon
Fedhas
Kikubaaqudgha
Makhleb
Nemelex Xobeh
Okawaru
Qazlal
Sif Muna
Trog
Vehumet
Xom
Yredelemnul
Zin
The Shining One
Beogh
Jiyva
Lugonu


Innate Abilities, Weirdness & Mutations

You are tiny and cannot use many weapons and most armour.
You have supernaturally acute eyesight.
You are a herbivore.
You cover ground extremely quickly.
You need consume almost no food.


Message History

The bolt of cold misses the vampire.
The bolt of cold misses the mermaid.
This wand has 4 charges left.
You are no longer entranced.
The mermaid changes into a guardian serpent!
Evoke which item? (* to show all) (? for menu, Esc to quit)
Zapping:
n - a wand of cold (4)
Press: ? - help, Shift-Dir - straight line, f/p - guardian serpent
Aim: a guardian serpent shaped shifter (translocational energy, severely wounded)
The bolt of cold hits the vampire.
The vampire resists.
The vampire is severely damaged.
The bolt of cold hits the guardian serpent.
You kill the guardian serpent!
Trog accepts your kill.
Trog appreciates your killing of a magic user.
Your Throwing skill increases to level 8!
Your Dodging skill increases to level 10!
Your Stealth skill increases to level 14!
This wand has 3 charges left.
The vampire is infused with unholy energy.
You die...

▓%▓
▓.▓
▓.▓
▓'▓
▓§▓
▓%▓
▓.▓
▓V▓
▓@▓
▓.▓
▓+▓


You could see a vampire (invisible).

Vanquished Creatures
  A guardian serpent (shapeshifter) (D)
  A manticore (D)
  An elf (shapeshifter) (D)
  An ogre (D)
  An orc warrior (D)
  A centaur (D)
  2 sky beasts (D)
  A crimson imp (D)
  2 worker ants (D)
  A giant gecko (D)
  3 hobgoblins (D)
  A ball python (D)
  3 bats (D)
  A giant newt (D)
20 creatures vanquished.

Vanquished Creatures (others)
  A crimson imp (D)
1 creature vanquished.

Grand Total: 21 creatures vanquished

Notes
Turn   | Place    | Note
--------------------------------------------------------------
     0 | D        | MordorOrchid, the Spriggan Assassin, began the quest for the Orb.
     0 | D        | Reached XP level 1. HP: 10/10 MP: 2/2
    10 | D        | Reached skill level 6 in Stealth
    14 | D        | Reached skill level 7 in Stealth
    26 | D        | Reached skill level 8 in Stealth
   130 | D        | Noticed a crimson imp
   130 | D        | Noticed a sky beast
   143 | D        | Killed a sky beast
   143 | D        | Reached skill level 5 in Dodging
   143 | D        | Reached XP level 2. HP: 16/16 MP: 4/4
   143 | D        | Reached XP level 3. HP: 20/20 MP: 6/6
   143 | D        | Reached XP level 4. HP: 25/25 MP: 8/8
   149 | D        | Killed a crimson imp
   149 | D        | Reached skill level 5 in Short Blades
   149 | D        | Reached skill level 5 in Throwing
   155 | D        | Found a glowing silver altar of Zin.
   155 | D        | Found a glowing golden altar of the Shining One.
   155 | D        | Found an ancient bone altar of Kikubaaqudgha.
   155 | D        | Found a basalt altar of Yredelemnul.
   155 | D        | Found a shimmering altar of Xom.
   155 | D        | Found a radiant altar of Vehumet.
   155 | D        | Found an iron altar of Okawaru.
   156 | D        | Found a burning altar of Makhleb.
   157 | D        | Found a deep blue altar of Sif Muna.
   158 | D        | Found a bloodstained altar of Trog.
   159 | D        | Found a sparkling altar of Nemelex Xobeh.
   160 | D        | Found a white marble altar of Elyvilon.
   161 | D        | Found a roughly hewn altar of Beogh.
   162 | D        | Found a viscous altar of Jiyva.
   163 | D        | Found a corrupted altar of Lugonu.
   164 | D        | Found a blossoming altar of Fedhas.
   165 | D        | Found a snail-covered altar of Cheibriados.
   166 | D        | Found a shadowy altar of Dithmenos.
   167 | D        | Found a stormy altar of Qazlal.
   177 | D        | Became a worshipper of Trog the Wrathful
   260 | D        | Noticed an ogre
   260 | D        | Noticed a centaur
   260 | D        | Noticed a worker ant
   260 | D        | Noticed a worker ant
   260 | D        | Noticed a sky beast
   262 | D        | Killed an ogre
   262 | D        | Reached skill level 9 in Evocations
   262 | D        | Reached XP level 5. HP: 29/29 MP: 9/17
   264 | D        | Killed a centaur
   264 | D        | Reached skill level 1 in Armour
   264 | D        | Reached XP level 6. HP: 32/34 MP: 10/20
   266 | D        | Killed a worker ant
   266 | D        | Acquired Trog's first power
   268 | D        | Killed a worker ant
   268 | D        | Reached skill level 10 in Stealth
   270 | D        | Killed a sky beast
   270 | D        | Reached skill level 11 in Stealth
   272 | D        | Acquired Trog's second power
   274 | D        | Noticed a spriggan
   274 | D        | Noticed a manticore
   274 | D        | Noticed a crimson imp
   274 | D        | Noticed a raiju
   274 | D        | Noticed a vampire
   274 | D        | Noticed an orc warrior
   276 | D        | Noticed an elf
   276 | D        | a spriggan changed into an elf
   276 | D        | Noticed a boulder beetle
   276 | D        | a raiju changed into a boulder beetle
   278 | D        | Killed an elf
   278 | D        | Reached skill level 5 in Fighting
   278 | D        | Reached skill level 12 in Stealth
   278 | D        | Reached XP level 7. HP: 35/39 MP: 13/22
   278 | D        | Killed a crimson imp
   281 | D        | Killed a manticore
   281 | D        | Reached skill level 13 in Stealth
   285 | D        | Noticed a jumping spider
   285 | D        | a boulder beetle changed into a jumping spider
   288 | D        | Killed an orc warrior
   288 | D        | Reached XP level 8. HP: 29/44 MP: 14/23
   295 | D        | Noticed a mermaid
   300 | D        | Noticed a guardian serpent
   300 | D        | a mermaid changed into a guardian serpent
   301 | D        | Killed a guardian serpent
   301 | D        | Reached skill level 10 in Dodging
   301 | D        | Reached skill level 14 in Stealth
   301 | D        | Killed from afar by a vampire

Action                   |  1- 3 |  4- 6 |  7- 9 || total
-------------------------+-------+-------+-------++-------
Melee: Dagger            |     9 |     6 |       ||    15
       Cutlass           |       |     9 |    15 ||    24
 Fire: Blowgun           |     9 |       |       ||     9
Invok: Trog's Hand       |       |       |     1 ||     1
Evoke: Wand              |       |       |     4 ||     4
  Use: Potion            |     2 |     1 |       ||     3
       Scroll            |       |       |     1 ||     1
 Stab: Sleeping          |     1 |     6 |       ||     7
       Distracted        |     1 |       |       ||     1
       Invisible         |       |     2 |     2 ||     4
